 Dungeon Crawl Stone Soup version 0.17-a0-1105-gbe8b664 (webtiles) character file.

1449 requice the Cleaver (level 8, 0/72 HPs)
             Began as a Minotaur Berserker on May 21, 2015.
             Was a High Priest of Trog.
             Killed from afar by an orc wizard (6 damage)
             ... with a puff of frost
             ... on level 6 of the Dungeon.
             The game lasted 00:40:03 (4782 turns).

requice the Cleaver (Minotaur Berserker)            Turns: 4782, Time: 00:40:03

Health: 0/72       AC: 14    Str: 23    XL:     8   Next: 47%
Magic:  7/7        EV:  7    Int:  4    God:    Trog [*****.]
Gold:   513        SH:  0    Dex: 11    Spells: 0 memorised, 7 levels left

rFire  . . .     SeeInvis .     F - +0 war axe
rCold  . . .     Clarity  .     C - +0 plate armour
rNeg   . . .     SustAb   .     (no shield)
rPois  .         Gourm    .     (helmet restricted)
rElec  .         Spirit   .     (no cloak)
rCorr  .         Warding  .     l - +0 pair of gloves
rMut   .         Stasis   .     k - +0 pair of boots
MR     .....                    (no amulet)
Stlth  ..........               (no ring)
                                (no ring)

@: not resistant to hostile enchantments, extremely unstealthy
A: retaliatory headbutt, horns 2, robust 1
a: Burn Spellbooks, Berserk, Trog's Hand, Brothers in Arms, Renounce Religion


You were on level 6 of the Dungeon.
You worshipped Trog.
Trog was extremely pleased with you.
You were very hungry.

You visited 1 branch of the dungeon, and saw 6 of its levels.
You also visited: Sewer and Ossuary.

You collected 513 gold pieces.

Inventory:

Hand weapons
 F - a +0 war axe (weapon)
Armour
 k - a +0 pair of boots (worn)
 l - a +0 pair of gloves (worn)
 C - a +0 plate armour (worn)
Jewellery
 c - an uncursed ring of fire {unknown}
 u - an uncursed ring of sustain abilities {unknown}
 A - a cursed -2 ring of dexterity {unknown}
 B - an uncursed amulet of resist corrosion {unknown}
 E - an uncursed ring of protection from cold {unknown}
Magical devices
 r - a wand of flame (24)
 y - a wand of hasting (7)
Scrolls
 e - 2 scrolls of recharging {unknown}
 f - 9 scrolls of identify {unknown}
 j - a scroll of fear {unknown}
 m - 5 scrolls of teleportation {unknown}
 n - 9 scrolls of remove curse {unknown}
 p - 2 scrolls of random uselessness {unknown}
 t - 3 scrolls of enchant weapon {unknown}
 v - a scroll of fog {unknown}
 w - 2 scrolls of enchant armour {unknown}
Potions
 b - 2 potions of invisibility
 d - 3 potions of agility
 h - a potion of magic
 i - 4 potions of flight {unknown}
 q - 3 potions of resistance {unknown}
 s - a potion of haste
 z - 4 potions of brilliance {unknown}
 D - a potion of degeneration {unknown}
Comestibles
 a - 6 chunks of flesh
 g - 2 beef jerkies
 o - 2 fruits
 x - 2 bread rations


   Skills:
 - Level 3.7 Fighting
 * Level 11.7 Axes
 * Level 2.0 Throwing
 + Level 4.0 Armour
 - Level 2.2 Dodging
 - Level 1.8 Stealth


You had 7 spell levels left.
You didn't know any spells.

Dungeon Overview and Level Annotations

Branches:
Dungeon (6/15)
 Temple: D:4-7

Altars:
Dithmenos
Gozag
Kikubaaqudgha
Vehumet


Innate Abilities, Weirdness & Mutations

You reflexively headbutt those who attack you in melee.
You have a pair of horns on your head.
You are robust (+10% HP).


Message History

Use which ability? (? or * to list) You're too hungry to go berserk.
The orc priest's eyes start to glow.
The orc warrior hits you from afar with a glaive!
* * * LOW HITPOINT WARNING * * *
An orc comes into view. It is wielding a hand axe.
An orc wizard comes into view. It is wielding a dagger.
The orc wizard shouts!
The orc warrior hits you from afar with a glaive.
* * * LOW HITPOINT WARNING * * *
The orc wizard points at you and mumbles some strange words.
The magic dart hits you!
The orc warrior hits you from afar with a glaive!
* * * LOW HITPOINT WARNING * * *
The orc hits you but does no damage.
The orc warrior hits you from afar with a glaive.
* * * LOW HITPOINT WARNING * * *
The orc wizard gestures at you while chanting.
The puff of frost hits you!
You die...

### #.## #..##
#...##
#.#.@#######...
#.##o..o.....#
#.###.o#######
##.'.##o.## #
#..###.#.o######.#
#..##..##....o.o.#
#..#...###..######
#......'.##..#
#..#...###..##


You could see an orc warrior, an orc priest, an orc wizard and 2 orcs.

Vanquished Creatures
  2 ogres
  2 ice beasts
  A centaur (D:6)
  A scorpion (D:4)
  A water moccasin skeleton (D:5)
  A giant frog zombie (D:5)
  2 hounds (D:5)
  3 orc wizards
  A crimson imp (D:6)
  4 orc priests
  A giant frog skeleton (D:5)
  4 worker ants
  An iguana (D:5)
  9 mummies
  7 gnolls
  8 adders
  An adder zombie (D:3)
  3 worms
  5 giant geckos
  10 orcs
  12 giant cockroaches
  2 gnoll zombies (Ossuary)
  11 hobgoblins
  11 kobolds
  2 quokkas
  5 ball pythons
  16 bats
  A giant cockroach zombie (D:5)
  A giant gecko skeleton (D:4)
  9 giant newts
  8 goblins
  3 hobgoblin zombies
  18 jackals
  A jackal skeleton (D:5)
  2 kobold zombies
  3 orc zombies (Ossuary)
  13 rats
185 creatures vanquished.

Vanquished Creatures (others)
  A human (D:3)
1 creature vanquished.

Grand Total: 186 creatures vanquished

Notes
Turn   | Place    | Note
--------------------------------------------------------------
     0 | D:1      | requice the Minotaur Berserker began the quest for the Orb.
     0 | D:1      | Reached XP level 1. HP: 19/19 MP: 0/0
   132 | D:1      | Reached skill level 4 in Axes
   297 | D:1      | Reached XP level 2. HP: 24/27 MP: 1/1
   816 | D:2      | Acquired Trog's second power
   857 | D:2      | Reached XP level 3. HP: 31/33 MP: 2/2
   861 | D:2      | Reached skill level 5 in Axes
  1493 | D:3      | Reached XP level 4. HP: 40/40 MP: 3/3
  1498 | D:3      | Found a radiant altar of Vehumet.
  1656 | D:3      | Reached skill level 6 in Axes
  1683 | D:3      | Noticed an ice beast
  1691 | D:3      | Killed an ice beast
  1691 | D:3      | Reached skill level 7 in Axes
  1691 | D:3      | Reached XP level 5. HP: 28/46 MP: 4/4
  1816 | D:3      | Found an ancient bone altar of Kikubaaqudgha.
  1829 | D:3      | Reached skill level 1 in Stealth
  1830 | D:3      | Noticed a human
  1834 | D:3      | Killed a human
  2140 | D:4      | Noticed an ogre
  2152 | D:4      | Killed an ogre
  2152 | D:4      | Reached skill level 8 in Axes
  2152 | D:4      | Reached XP level 6. HP: 52/52 MP: 5/5
  2288 | D:4      | Reached skill level 9 in Axes
  2346 | D:4      | Found an ancient bone altar of Kikubaaqudgha.
  2375 | D:4      | Reached XP level 7. HP: 56/58 MP: 6/6
  2470 | D:4      | Acquired Trog's third power
  2509 | D:4      | Gained mutation: You are robust (+10% HP). [potion of beneficial mutation]
  2521 | D:4      | Found a shadowy altar of Dithmenos.
  2601 | D:4      | Found a glowing drain.
  2632 | Sewer    | Entered a sewer
  3370 | D:5      | Entered Level 5 of the Dungeon
  3460 | D:5      | Reached skill level 10 in Axes
  3612 | D:5      | Found an opulent altar of Gozag.
  3834 | D:5      | Reached skill level 1 in Throwing
  3875 | D:5      | Reached XP level 8. HP: 48/72 MP: 7/7
  4085 | D:5      | Reached skill level 11 in Axes
  4187 | D:6      | Found a sand-covered staircase.
  4214 | Ossuary  | Entered an ossuary
  4782 | D:6      | Killed from afar by an orc wizard

Vault maps used:
D:1:      minmay_arrival_wavy_path, minmay_misc_feat_alley
D:2:      kennysheep_flooded_box
D:3:      vehumet_altar_wand_db, first_bread, grunt_ministairs_7,
          tgw_kikubaaqudgha
D:4:      lemuel_round_altar, kennysheep_mini, portal_sewer_entry_a
D:5:      grunt_gozag_statues
D:6:      xom_teletrap_fun, elyvilon_altar_5, minmay_temple_entry_nine_rooms,
          nicolae_ossuary_entry_giza
Sewer:    sewer_fruit_machine
Ossuary:  ossuary_tomb_3

Action                   |  1- 3 |  4- 6 |  7- 9 || total
-------------------------+-------+-------+-------++-------
Melee: Hand axe          |    87 |    96 |   240 ||   423
       War axe           |       |       |    25 ||    25
Invok: Berserk           |     1 |     5 |     3 ||     9
       Trog's Hand       |       |     1 |       ||     1
  Use: Potion            |       |       |     8 ||     8
  Eat: Bread ration      |     1 |       |       ||     1
       Chunk             |       |     1 |     3 ||     4
       Meat ration       |       |     1 |     1 ||     2
       Beef jerky        |       |       |     2 ||     2
